 Dungeon Crawl Stone Soup version 0.20.1-1-g8b1a95d66d (webtiles) character file.

977 Jynx the Changer (level 7, -7/55 HPs)
             Began as a Purple Draconian Transmuter on Dec 27, 2017.
             Was an Initiate of Okawaru.
             Mangled by a scorpion (10 damage)
             ... on level 5 of the Dungeon.
             The game lasted 00:11:28 (5409 turns).

Jynx the Changer (Purple Draconian Transmuter)      Turns: 5409, Time: 00:11:28

Health: -7/55      AC:  7    Str: 12    XL:     7   Next: 95%
Magic:  10/15      EV: 12    Int: 14    God:    Okawaru [......]
Gold:   95         SH:  0    Dex: 13    Spells: 2/17 levels left

rFire    . . .     SeeInvis .     - Unarmed
rCold    . . .     Gourm    .   (no shield)
rNeg     . . .     Faith    .   (armour unavailable)
rPois    .         Spirit   .   (helmet restricted)
rElec    .         Reflect  .   (no cloak)
rCorr    .         Harm     .   (no gloves)
MR       +....                  m - +0 pair of boots
Stlth    +.........             (no amulet)
Regen    0.2/turn               (no ring)
MPRegen  0.2/turn               (no ring)

@: about to teleport
A: breathe power, unfitting armour, cold-blooded, AC +6
a: Breathe Dispelling Energy, Renounce Religion


You were on level 5 of the Dungeon.
You worshipped Okawaru.
Okawaru was noncommittal.
You were hungry.

You visited 2 branches of the dungeon, and saw 6 of its levels.

You collected 95 gold pieces.

Inventory:

Missiles
 a - 60 arrows
Armour
 m - a +0 pair of boots (worn)
Jewellery
 j - an uncursed amulet of faith
Scrolls
 d - a scroll of amnesia
 f - 2 scrolls of remove curse
 g - 2 scrolls of teleportation
 i - 2 scrolls of enchant weapon
Potions
 e - a potion of degeneration
 h - 2 potions of curing
 k - a potion of berserk rage
 l - a potion of brilliance {unknown}
 o - a potion of agility {unknown}
 p - a potion of invisibility {unknown}
Books
 b - a book of Changes

   Spells                             Type                      Level
   a - Beastly Appendage              Transmutation                1
   b - Sticks to Snakes               Transmutation                2
   c - Spider Form                    Transmutation/Poison         3
   d - Ice Form                       Ice/Transmutation            4
   e - Blade Hands                    Transmutation                5
Comestibles
 c - 3 bread rations
 n - 2 chunks of flesh


   Skills:
 + Level 2.1 Fighting
 - Level 1.7 Dodging
 + Level 3.6 Unarmed Combat
 + Level 5.6 Spellcasting
 * Level 6.9 Transmutations
 - Level 2.8 Poison Magic


You had 2 spell levels left.
You knew the following spells:

 Your Spells              Type           Power        Failure   Level  Hunger
a - Beastly Appendage     Tmut           ###...       1%          1    None
b - Sticks to Snakes      Tmut           ###.....     1%          2    ##.....
c - Spider Form           Tmut/Pois      ###.......   6%          3    ###....
d - Blade Hands           Tmut           ###.......   26%         5    ######.
e - Ice Form              Ice/Tmut       ##......     36%         4    ####...


Dungeon Overview and Level Annotations

Branches:
Dungeon (5/15)             Temple (1/1) D:4

Altars:
Okawaru
Xom
Zin


Innate Abilities, Weirdness & Mutations

You can breathe bolts of dispelling energy.
Your rich purple scales are hard. (AC +6)
You cannot fit into any form of body armour.
You are cold-blooded and may be slowed by cold attacks.


Message History

Your adder bites the hound but does no damage.
The hound closely misses you.
You closely miss the hound.
The hound is severely wounded.
You feel sick. The hound barely misses you.
Your adder bites the hound.
A scorpion comes into view.
You hit the hound.
You kill the hound!
Okawaru accepts your kill.
Your ball python withers and dies!
You feel better.
Your adder withers and dies!
You barely miss the ogre. The ogre hits you with a giant club!
As you read the scroll of teleportation, it crumbles to dust.
You feel strangely unstable. The ogre closely misses you.
The scorpion stings you.
The phantom blinks!
The ogre hits you with a giant club!
* * * LOW HITPOINT WARNING * * *
The scorpion stings you!
You die...

####. #....# ... +...(+ #.#
###+#....# ###.###
#........# ###.≈..##
#.....<..# # ##≈#.♣♣§.##
.#........#
#.#...♣.^≈≈.####
..#........#
#.^^.≈≈_^^.≈..[#
h..#....#####
###≈..♣...^♣#s@#.hs.'....#
##.♣.♣...##..OZ.a.#....#
##♣.≈#_########..#....#####
##.### #....#+####......#
#.#####....#....#......#
#..........#....#......#
#######....##'###......#
#................#
#................+


You could see an ogre, a scorpion, a worker ant and a worker ant zombie.

Vanquished Creatures
  The ghost of Jynx the Changer, a novice DrTm (D:4)
  A centaur (D:4)
  A bullfrog (D:5)
  A scorpion (D:4)
  A hound (D:5)
  An orc wizard (D:4)
  2 worker ants
  2 gnolls (D:2)
  5 adders
  2 oozes
  An adder zombie (D:5)
  5 worms
  5 dart slugs
  4 leopard geckos
  6 orcs
  3 ball pythons
  3 giant cockroaches
  6 hobgoblins
  14 jackals
  A quokka (D:2)
  8 bats
  4 frilled lizards
  10 goblins
  7 kobolds
  8 rats
102 creatures vanquished.

Vanquished Creatures (collateral kills)
  Eustachio (D:4)
  A centaur (D:5)
  A crimson imp (D:5)
  A gnoll (D:2)
  A shadow imp (D:5)
  A worm (D:3)
  A frilled lizard (D:4)
7 creatures vanquished.

Grand Total: 109 creatures vanquished

Notes
Turn   | Place    | Note
-------+----------+-------------------------------------------
     0 | D:1      | Jynx the Draconian Transmuter began the quest for the Orb.
     0 | D:1      | Reached XP level 1. HP: 16/16 MP: 3/3
   268 | D:1      | Reached XP level 2. HP: 22/23 MP: 5/5
   600 | D:1      | Reached skill level 3 in Transmutations
   723 | D:1      | Reached XP level 3. HP: 28/28 MP: 4/6
   727 | D:1      | Learned a level 2 spell: Sticks to Snakes
   731 | D:1      | Learned a level 3 spell: Spider Form
  1302 | D:2      | Reached XP level 4. HP: 23/35 MP: 6/8
  1510 | D:2      | Reached skill level 4 in Transmutations
  2405 | D:3      | Reached XP level 5. HP: 40/40 MP: 9/9
  3249 | D:4      | Noticed Jynx's ghost (novice DrTm)
  3548 | D:4      | Reached skill level 1 in Poison Magic
  4055 | D:4      | Reached skill level 5 in Transmutations
  4055 | D:4      | Reached XP level 6. HP: 32/47 MP: 8/11
  4456 | D:4      | Noticed Eustachio
  4467 | D:4      | Learned a level 5 spell: Blade Hands
  4487 | D:4      | Killed Eustachio
  4619 | D:4      | Killed Jynx's ghost
  4619 | D:4      | Reached skill level 6 in Transmutations
  4619 | D:4      | Your scales start taking on a rich purple colour.
  4619 | D:4      | Reached skill level 5 in Spellcasting
  4619 | D:4      | Reached XP level 7. HP: 16/52 MP: 1/14
  4834 | D:4      | Learned a level 4 spell: Ice Form
  5090 | D:4      | Found a staircase to the Ecumenical Temple.
  5096 | Temple   | Entered the Ecumenical Temple
  5112 | Temple   | Became a worshipper of Warmaster Okawaru
  5304 | D:5      | Entered Level 5 of the Dungeon
  5349 | D:5      | Found a shimmering altar of Xom.
  5350 | D:5      | Found a shimmering altar of Xom.
  5409 | D:5      | Mangled by a scorpion

Skill      XL: |  1  2  3  4  5  6  7 |
---------------+----------------------+-----
Transmutations | 3 4 5 6 |  6.9
Spellcasting   | 3 5 |  5.6
Poison Magic   | 1 2 |  2.8
Fighting       | 2 |  2.1
Dodging        | |  1.7
Unarmed Combat | |  3.6

Action                   |  1- 3 |  4- 6 |  7- 9 || total
-------------------------+-------+-------+-------++-------
Melee: Unarmed           |   146 |   261 |    55 ||   462
       Tailslap          |    14 |    37 |     6 ||    57
       Headbutt          |     3 |     5 |     1 ||     9
       Kick              |    11 |    27 |       ||    38
       Punch             |     2 |     3 |     2 ||     7
 Cast: Beastly Appendage |    17 |    24 |     3 ||    44
       Sticks to Snakes  |       |    13 |     2 ||    15
       Blade Hands       |       |     1 |     1 ||     2
  Use: Scroll            |       |     9 |     1 ||    10
       Potion            |       |     1 |     1 ||     2
 Stab: Sleeping          |       |     1 |       ||     1
       Distracted        |       |     2 |       ||     2
  Eat: Chunk             |     2 |    11 |     3 ||    16
Armor: Skin              |    36 |    87 |    19 ||   142
Dodge: Dodged            |    94 |   145 |    45 ||   284
